 Dungeon Crawl Stone Soup version 0.30-a0-414-gcb316572d5 (webtiles) character file.

Game seed: 13506586864686023095

94030 Crabhammer the Thaumaturge (level 16, -1/118 HPs)
             Began as a Barachi Warper on Dec 5, 2022.
             Was the Champion of Cheibriados.
             Slain by a radroach (36 damage)
             ... on level 1 of the Spider Nest on Dec 8, 2022.
             The game lasted 04:46:05 (31669 turns).

Crabhammer the Thaumaturge (Barachi Warper)        Turns: 31669, Time: 04:46:06

Health: -1/118     AC: 10    Str: 29      XL:     16   Next: 10%
Magic:  3/34       EV: 20    Int: 32 (36) God:    Cheibriados [******]
Gold:   2071       SH: 14    Dex: 26      Spells: 10/44 levels left

rFire   + . .      SeeInvis +    z - +1 scimitar (venom)
rCold   + . .      Faith    .    P - +0 kite shield
rNeg    . . .      Spirit   .    u - +1 robe {rC+ rF+}
rPois   .          Reflect  .    Z - +2 hat
rElec   .          Harm     .    h - +2 cloak
rCorr   .          Rampage  .    E - +1 pair of gloves
Will    +....                    (no boots)
Stlth   ++........               B - amulet of regeneration
HPRegen 1.19/turn                a - ring of see invisible
MPRegen 0.24/turn                S - ring of wizardry

@: unable to hop, very slightly contaminated, studying Shields, very slow
A: amphibious, slowness 1, strong legs 2, +LOS
a: Hop, Renounce Religion, Bend Time, Temporal Distortion, Slouch, Step From
Time


You were on level 1 of the Spider Nest.
You worshipped Cheibriados.
Cheibriados was exalted by your worship.
You visited 6 branches of the dungeon, and saw 25 of its levels.
You also visited: Bailey and Ice Cave.

You collected 2523 gold pieces.
You spent 452 gold pieces at shops.

Inventory:

Hand Weapons
 e - a +2 scimitar
 z - a +1 scimitar of venom (weapon)
 F - a +3 scimitar of flaming
Missiles
 d - 7 boomerangs of dispersal
 C - 10 boomerangs
 M - a throwing net
Armour
 h - a +2 cloak (worn)
 u - a +1 robe of resistance (worn)
 E - a +1 pair of gloves (worn)
 G - a +0 crystal plate armour of cold resistance
 P - a +0 kite shield (worn)
 W - +0 acid dragon scales
 Z - a +2 hat (worn)
Jewellery
 a - a ring of see invisible (left hand)
 m - a +4 ring of slaying
 A - a ring of flight
 B - an amulet of regeneration (around neck)
 K - a ring of willpower
 O - a ring of fire
 Q - a ring of fire
 R - a ring of ice
 S - a ring of wizardry (right hand)
 X - a ring of ice
Wands
 x - a wand of mindburst (19)
 J - a wand of polymorph (6)
 L - a wand of flame (44)
 N - a wand of paralysis (13)
 T - a wand of iceblast (14)
 U - a wand of digging (10)
 V - a wand of quicksilver (5)
Scrolls
 b - 5 scrolls of enchant weapon
 f - a scroll of enchant armour
 j - 4 scrolls of poison
 p - 3 scrolls of immolation
 r - 2 scrolls of teleportation
 t - 4 scrolls of butterflies
 y - 4 scrolls of amnesia
 H - 7 scrolls of magic mapping
 Y - 3 scrolls of identify
Potions
 g - 2 potions of heal wounds
 i - 6 potions of flight
 k - a potion of berserk rage
 l - a potion of cancellation
 n - 4 potions of brilliance
 o - 6 potions of invisibility
 q - 2 potions of might
 s - 2 potions of resistance
 v - 11 potions of curing
 w - a potion of lignification
 D - 5 potions of attraction
 I - a potion of magic


   Skills:
 + Level 8.7 Fighting
 - Level 14.1 Long Blades
 - Level 1.0 Throwing
 - Level 4.5 Armour
 + Level 9.6 Dodging
 - Level 0.1 Stealth
 + Level 10.6 Shields
 - Level 14.5 Spellcasting
 - Level 6.0 Conjurations
 - Level 3.5 Summonings
 - Level 10.9 Translocations
 * Level 10.9 Ice Magic
 - Level 10.7 Air Magic
 - Level 0.4 Evocations


You had 10 spell levels left.
You knew the following spells:

 Your Spells              Type           Power      Damage    Failure   Level
a - Blink                 Tloc           100%       N/A       1%          2
b - Shock                 Conj/Air       100%       1d9       1%          1
c - Ozocubu's Armour      Ice            76%        N/A       1%          3
d - Airstrike             Air            37%        2d(6-22)  1%          4
e - Manifold Assault      Tloc           76%        N/A       1%          4
f - Vhi's Electric Charg  Tloc/Air       100%       N/A       1%          3
g - Teleport Other        Tloc           76%        N/A       1%          3
h - Lesser Beckoning      Tloc           100%       N/A       1%          3
i - Ozocubu's Refrigerat  Ice            38%        4d15      16%         7
z - Summon Lightning Spi  Summ/Air       62%        N/A       1%          4

Your spell library contained the following spells:

 Spells                   Type           Power      Damage    Failure   Level
 Kiss of Death            Conj/Necr      100%       2d13      1%          1
 Necrotise                Necr           92%        1d8       1%          1
 Searing Ray              Conj           100%       2d8       1%          2
 Gell's Gravitas          Tloc           76%        N/A       1%          3
 Hailstorm                Conj/Ice       67%        3d14      1%          3
 Swiftness                Air            75%        N/A       1%          3
 Summon Ice Beast         Ice/Summ       62%        N/A       1%          4
 Dispersal                Tloc           38%        N/A       2%          6
 Confusing Touch          Hex            23%        N/A       4%          3
 Vampiric Draining        Necr           23%        2d7       4%          3
 Dispel Undead            Necr           23%        3d12      16%         4
 Simulacrum               Ice/Necr       27%        N/A       26%         6
 Agony                    Necr           23%        N/A       41%         5
 Alistair's Intoxication  Tmut/Pois      15%        N/A       41%         5
 Borgnjor's Vile Clutch   Necr/Erth      11%        N/A       41%         5
 Maxwell's Capacitive Co  Air            37%        ∞         75%         8
 Storm Form               Tmut/Air       27%        N/A       80%         7
 Eringya's Noxious Bog    Tmut/Pois      11%        N/A       91%         6
 Lehudib's Crystal Spear  Conj/Erth      21%        10d6      100%        8


Dungeon Overview and Level Annotations

Branches:
Dungeon (15/15)            Temple (1/1) D:4            Lair (5/5) D:10
  Swamp (1/4) Lair:3       Spider (1/4) Lair:3        Slime (0/5) Lair:5
    Orc (2/2) D:10            Elf (0/3) Orc:2        Vaults (0/5) D:13
 Depths (0/4) D:15         Bailey (visited)           IceCv (visited)

Altars:
Ashenzari
Cheibriados
Dithmenos
Elyvilon
Fedhas
Gozag
Hepliaklqana
Kikubaaqudgha
Makhleb
Nemelex Xobeh
Okawaru
Qazlal
Ru
Sif Muna
Trog
Uskayaw
Vehumet
Wu Jian
Xom
Yredelemnul
Zin
The Shining One
Jiyva

Shops:
D:3 !   D:9 *   D:12 =   D:13 !

Portals:
Trove: D:10 (give 6 scrolls of butterflies)

Annotations:
Lair:2 1 runed translucent door, Ehaohe's ghost, journeyman DrBe
Orc:2 Rupert


Innate Abilities, Weirdness & Mutations

You are amphibious.
You cover ground slowly.
You can hop long distances.
You have an extended range of vision and can be seen from far away.


Message History

The culicivora is engulfed in poison gas.
The culicivora looks even sicker.
The culicivora completely misses you.
The radroach is engulfed in poison gas.
The radroach looks as sick as possible!
Unknown command.
You slash the culicivora!
The culicivora is heavily wounded.
The culicivora is engulfed in poison gas.
The culicivora looks even sicker.
You block the culicivora's attack.
The radroach is engulfed in poison gas.
The radroach looks as sick as possible!
You miss the culicivora.
The culicivora is severely wounded.
The culicivora is engulfed in poison gas.
The culicivora looks as sick as possible!
You block the culicivora's attack.
The radroach is engulfed in poison gas.
The radroach looks as sick as possible!
The radroach closely misses you. You block the radroach's attack.
The culicivora is engulfed in poison gas.
The culicivora looks as sick as possible!
The culicivora barely misses you.
You slash the culicivora!
You kill the culicivora!
Cheibriados thoroughly appreciates the change of pace.
You hit the radroach but do no damage.
The radroach looks as sick as possible!
The radroach is heavily wounded.
The radroach is engulfed in poison gas.
The radroach looks as sick as possible!
The radroach bites you but does no damage.
The radroach misses you.
Unknown command.
You slash the radroach!
The radroach looks as sick as possible!
The radroach is severely wounded.
The radroach is engulfed in poison gas.
The radroach looks as sick as possible!
The radroach erupts in a fountain of uncontrolled magic!
You are blasted with magical radiation!!!
* * * LOW HITPOINT WARNING * * *
You are very lightly contaminated with residual magic.
You feel much better.
The radroach is engulfed in poison gas.
The radroach looks as sick as possible!
The radroach erupts in a fountain of uncontrolled magic!
You are blasted with magical radiation!!!
You die...

###### ~#~..###
.#..#§§####
§☼...#§§§## ##§☼
☼☼§§§##B§§#§○§§§§
##§§.☼☼§@§§§§☼§§○.
#§§§§.☼○§○§§#§○§☼.
###s#§§########...
#†### ...s.....#
#sy..##.*.....##
.##s.s.sy..# .###
.......^....# ....#
##......##..###....
.......##^..#....##


You could see a radroach (extremely poisoned) and a culicivora (poisoned).

Vanquished Creatures
  Frances (D:13)
  Snorg (Lair:5)
  Fannar (Orc:1)
  4 hydras
  A ghost crab (Swamp:1)
  An ogre mage (D:12)
  2 vault guards (Bailey)
  2 centaur warriors
  2 boulder beetles (D:14)
  Erica (Orc:1)
  2 ironbound frosthearts (IceCv)
  8 two-headed ogres
  4 death yaks (IceCv)
  Urug (Lair:2)
  A shadow wraith (D:12)
  2 skeletal warriors (D:15)
  Amaemon (Lair:2)
  A deep troll (D:13)
  A steelbarb worm (Spider:1)
  A wizard (D:15)
  A phantasmal warrior (D:15)
  2 ugly things
  2 orc knights
  A necromancer (D:15)
  2 wolf spiders (Lair:5)
  An oklob plant (D:10)
  A deep elf pyromancer (D:14)
  6 elephants
  9 black mambas
  An ice statue (IceCv)
  A guardian serpent (Lair:5)
  13 cane toads
  A gargoyle (D:13)
  2 unseen horrors
  4 rime drakes
  A torpor snail (Spider:1)
  An orange demon (Lair:2)
  5 komodo dragons
  A tengu conjurer (D:15)
  3 demonic crawlers (Spider:1)
  2 efreet
  A meliai (Lair:3)
  9 polar bears
  5 trolls
  3 hornets
  Prince Ribbit (Bailey)
  A bloated husk (Swamp:1)
  2 tyrant leeches (Swamp:1)
  3 tarantellas (Spider:1)
  9 blink frogs
  2 dream sheep
  An ettin zombie (D:15)
  9 slime creatures
  4 jumping spiders (Spider:1)
  A raiju (shapeshifter) (D:13)
  3 culicivoras (Spider:1)
  3 centaur simulacra (D:11)
  4 wraiths
  11 wyverns
  A shadow (D:11)
  Eustachio (D:4)
  43 yaks
  3 humans (Bailey)
  2 basilisks
  3 redbacks
  A steam dragon (D:10)
  5 wargs
  A human zombie (D:15)
  A swamp worm (Swamp:1)
  An acid dragon (D:13)
  15 water moccasins
  A sky beast (D:6)
  4 orc warriors
  7 ice beasts
  2 black bears
  12 ogres
  5 boggarts (D:14)
  28 wolves
  7 centaurs
  2 kobold brigands
  Blork the orc (D:4)
  21 bullfrogs
  2 gnoll sergeants
  6 necrophages
  5 scorpions
  A jelly (D:4)
  5 killer bees
  2 electric eels (D:11)
  4 howler monkeys
  5 hounds
  13 orc priests
  Jessica (D:3)
  4 iguanas
  Terence (D:3)
  16 orc wizards
  4 hell rats (Lair:1)
  A boggart simulacrum (D:11)
  Robin (D:3)
  19 gnolls
  8 adders
  2 shadow imps (D:7)
  18 white imps
  2 ufetubi
  2 worms
  A dart slug (D:2)
  45 orcs
  8 endoplasms
  4 giant cockroaches
  12 hobgoblins
  14 jackals
  17 kobolds
  4 quokkas
  7 ball pythons
  7 bats
  6 frilled lizards
  25 goblins
  9 rats
618 creatures vanquished.

Vanquished Creatures (collateral kills)
  Gastronok (Lair:3)
  A fire dragon (D:13)
  An ogre mage (D:13)
  A death knight (D:15)
  A catoblepas (Lair:3)
  A centaur warrior (D:14)
  A titan zombie (D:15)
  4 two-headed ogres
  A steelbarb worm (Spider:1)
  A phantasmal warrior (D:15)
  A deep elf pyromancer (D:15)
  An orc sorcerer (Orc:1)
  A wolf spider (Spider:1)
  A tengu skeleton (D:15)
  2 cyclopes
  An elephant (Lair:5)
  A black mamba (Lair:5)
  2 cane toads
  A komodo dragon (Lair:2)
  A polar bear (IceCv)
  3 blink frogs
  3 slime creatures (D:15)
  3 dream sheep
  4 jumping spiders (Spider:1)
  2 centaur simulacra (D:11)
  A wyvern (Lair:5)
  A spriggan (shapeshifter) (D:13)
  A wraith (D:15)
  11 yaks
  3 redbacks (Spider:1)
  A warg (Orc:1)
  An acid dragon (D:11)
  5 water moccasins
  4 orc warriors
  An ice beast (D:11)
  3 wolves (IceCv)
  5 ogres
  A necrophage (Lair:3)
  An orc priest (Orc:1)
  An orc wizard (Orc:1)
  2 hell rats (Lair:2)
  A river rat (Lair:2)
  A howler monkey simulacrum (D:11)
  A white imp (D:11)
  9 orcs
  5 rats (Lair:2)
99 creatures vanquished.

Vanquished Creatures (others)
  An eleionoma (Swamp:1)
  A yak (IceCv)
  A bush (Lair:5)
  60 fungi
  61 plants
  11 withered plants (D:15)
135 creatures vanquished.

Grand Total: 852 creatures vanquished

Notes
Turn   | Place    | Note
-------+----------+-------------------------------------------
     0 | D:1      | Crabhammer the Barachi Warper began the quest for the Orb.
     0 | D:1      | Reached XP level 1. HP: 17/17 MP: 3/3
    55 | D:1      | Reached XP level 2. HP: 23/23 MP: 5/5
    65 | D:1      | Learned a level 2 spell: Blink
   253 | D:1      | Reached XP level 3. HP: 22/28 MP: 6/6
   980 | D:2      | Identified the +4 hand axe "Uhicudis" {vorpal, Dex+2}
  1116 | D:2      | Reached XP level 4. HP: 34/34 MP: 7/7
  1246 | D:2      | Upgraded the game from 0.30-a0-390-g80c34de65d to
                  | 0.30-a0-393-g54b8e3be05
  1578 | D:2      | Learned a level 1 spell: Shock
  1582 | D:2      | Learned a level 3 spell: Ozocubu's Armour
  1667 | D:2      | Found an ancient bone altar of Kikubaaqudgha.
  1692 | D:2      | Identified the +9 whip of Psychosis {vorpal, Int+5 Stlth+}
  1997 | D:3      | Found a faded altar of an unknown god.
  2013 | D:3      | Reached XP level 5. HP: 35/40 MP: 1/8
  2016 | D:3      | Noticed Robin
  2019 | D:3      | Reached skill level 1 in Air Magic
  2033 | D:3      | Killed Robin
  2262 | D:3      | Found Heoraqad's Distillery.
  2279 | D:3      | Bought a potion of degeneration for 13 gold pieces
  2279 | D:3      | Bought a potion of curing for 39 gold pieces
  2296 | D:3      | Reached skill level 1 in Conjurations
  2434 | D:3      | Noticed Jessica
  2445 | D:3      | Killed Jessica
  2446 | D:3      | Reached XP level 6. HP: 47/47 MP: 5/10
  2517 | D:3      | Noticed Terence
  2532 | D:3      | Killed Terence
  2864 | D:3      | Found a blossoming altar of Fedhas.
  3520 | D:4      | Noticed Blork the orc
  3534 | D:4      | Killed Blork the orc
  3670 | D:4      | Found a staircase to the Ecumenical Temple.
  3712 | Temple   | Entered the Ecumenical Temple
  4122 | D:4      | Reached XP level 7. HP: 33/52 MP: 0/13
  4448 | D:4      | Noticed Eustachio
  4482 | D:4      | Killed Eustachio
  4483 | D:4      | Reached skill level 5 in Spellcasting
  4635 | D:5      | Entered Level 5 of the Dungeon
  4753 | D:5      | Reached XP level 8. HP: 58/58 MP: 13/15
  5028 | D:5      | You fall into a shaft and drop 1 floor!
  5161 | D:6      | Reached skill level 5 in Air Magic
  5397 | D:6      | Learned a level 4 spell: Airstrike
  5402 | D:6      | Learned a level 4 spell: Manifold Assault
  5724 | D:5      | Reached XP level 9. HP: 64/64 MP: 19/19
  5838 | D:5      | Found a hazy altar of Hepliaklqana.
  6746 | D:7      | Learned a level 3 spell: Vhi's Electric Charge
  7509 | D:7      | Found a snail-covered altar of Cheibriados.
  7519 | D:7      | Became a worshipper of Cheibriados the Contemplative
  7753 | D:7      | Found a shimmering altar of Xom.
  7906 | D:8      | Noticed a two-headed ogre
  8251 | D:8      | Found a shimmering blue altar of Sif Muna.
  8436 | D:8      | Killed a two-headed ogre
  8668 | D:8      | Found a radiant altar of Vehumet.
  8711 | D:8      | Found a burning altar of Makhleb.
  8825 | D:8      | Reached skill level 5 in Translocations
  8825 | D:8      | Reached XP level 10. HP: 54/70 MP: 9/22
  9309 | D:8      | Found an ornate altar of the Wu Jian Council.
  9322 | D:8      | Reached skill level 5 in Conjurations
  9377 | D:9      | Found an opulent altar of Gozag.
  9382 | D:9      | Found Gozag's Platinum Reserve.
  9573 | D:9      | Reached * piety under Cheibriados
  9585 | D:9      | Upgraded the game from 0.30-a0-393-g54b8e3be05 to
                  | 0.30-a0-394-g3e4acdb0ae
  9592 | D:9      | Learned a level 3 spell: Teleport Other
 10207 | D:9      | Learned a level 3 spell: Lesser Beckoning
 10327 | D:10     | Entered Level 10 of the Dungeon
 10380 | D:10     | Found a portal to a secret trove of treasure.
 10385 | D:10     | Paralysed by a hornet for 2 turns
 10431 | D:10     | Found Nuin's Armour Shoppe.
 10464 | D:10     | Found a staircase to the Lair.
 10464 | D:10     | Noticed an oklob plant
 10506 | D:10     | Reached ** piety under Cheibriados
 10515 | D:10     | Found a flagged portal.
 10625 | Bailey   | Entered a bailey
 10720 | Bailey   | Noticed Prince Ribbit
 10720 | Bailey   | Noticed a vault guard
 10729 | Bailey   | Killed a vault guard
 10730 | Bailey   | Reached skill level 5 in Ice Magic
 10801 | Bailey   | Killed Prince Ribbit
 10802 | Bailey   | Reached XP level 11. HP: 77/77 MP: 15/24
 10879 | Bailey   | Noticed a vault guard
 10898 | Bailey   | Killed a vault guard
 11094 | Bailey   | Reached *** piety under Cheibriados
 11580 | D:10     | Found a staircase to the Orcish Mines.
 11596 | D:10     | Reached skill level 5 in Long Blades
 12125 | D:11     | Reached **** piety under Cheibriados
 12126 | D:11     | Reached skill level 10 in Spellcasting
 12211 | D:11     | Found a frozen archway.
 12226 | IceCv    | Entered an ice cave
 12394 | IceCv    | Reached skill level 5 in Dodging
 12441 | IceCv    | Reached ***** piety under Cheibriados
 12466 | IceCv    | Reached skill level 5 in Fighting
 12596 | IceCv    | Reached XP level 12. HP: 81/86 MP: 24/26
 13085 | IceCv    | Noticed an ironbound frostheart
 13085 | IceCv    | Noticed an ironbound frostheart
 13085 | IceCv    | Noticed a death yak
 13085 | IceCv    | Noticed a death yak
 13199 | IceCv    | Killed a death yak
 13214 | IceCv    | Killed a death yak
 13334 | IceCv    | Killed an ironbound frostheart
 13678 | IceCv    | Killed an ironbound frostheart
 13767 | IceCv    | Got the Handbook of the Chill
 13792 | IceCv    | Learned a level 4 spell: Summon Lightning Spire
 14008 | IceCv    | Noticed a death yak
 14012 | IceCv    | Noticed a death yak
 14020 | IceCv    | Killed a death yak
 14022 | IceCv    | Killed a death yak
 14159 | IceCv    | Reached skill level 10 in Long Blades
 14392 | D:11     | Reached skill level 1 in Summonings
 14972 | D:11     | Reached ****** piety under Cheibriados
 15278 | D:12     | Noticed an ogre mage
 15278 | D:12     | Noticed a two-headed ogre
 15278 | D:12     | Noticed a two-headed ogre
 15278 | D:12     | Noticed a two-headed ogre
 15283 | D:12     | Reached skill level 1 in Shields
 15284 | D:12     | Killed a two-headed ogre
 15285 | D:12     | Gained mutation: You can hop long distances. [Barachi
                  | growth]
 15285 | D:12     | Reached XP level 13. HP: 93/93 MP: 4/28
 15934 | D:12     | Reached skill level 10 in Air Magic
 16002 | D:12     | Found Qeimetoig's Jewellery Shop.
 16018 | D:12     | Bought a ring of willpower for 400 gold pieces
 16562 | D:13     | Reached skill level 5 in Shields
 17039 | D:13     | Noticed Frances
 17069 | D:13     | Killed Frances
 17281 | Orc:1    | Entered Level 1 of the Orcish Mines
 17855 | Orc:2    | Entered Level 2 of the Orcish Mines
 17955 | Orc:2    | Found a staircase to the Elven Halls.
 17971 | Orc:1    | Noticed Erica
 17972 | Orc:1    | Noticed Fannar
 18166 | Orc:2    | Noticed an orc warlord
 18179 | Orc:2    | Noticed Rupert
 18266 | Orc:1    | Killed Erica
 18368 | Orc:1    | Killed Fannar
 18731 | Orc:2    | Reached XP level 14. HP: 101/101 MP: 15/30
 18833 | Lair:1   | Entered Level 1 of the Lair of Beasts
 19843 | Lair:2   | Found a runed translucent door.
 19865 | Lair:2   | Noticed Urug
 19875 | Lair:2   | Killed Urug
 20260 | Lair:2   | Noticed Ehaohe's ghost (journeyman DrBe)
 20929 | Lair:2   | Noticed Amaemon
 20965 | Lair:2   | Killed Amaemon
 21395 | Lair:3   | Noticed Gastronok
 21406 | Lair:3   | Killed Gastronok
 21593 | Lair:3   | Found a hole to the Spider Nest.
 21643 | Lair:3   | Found a staircase to the Swamp.
 22423 | Lair:3   | Got the Vellum of Damage Dealing
 23163 | Lair:4   | Identified the +1 hand axe "Goaxaepo" {venom, Contam Str+8
                  | SInv}
 24533 | Lair:5   | Entered Level 5 of the Lair of Beasts
 24656 | Lair:5   | Noticed Snorg
 24668 | Lair:5   | Killed Snorg
 25236 | Lair:5   | Reached skill level 10 in Translocations
 25422 | Lair:5   | Reached XP level 15. HP: 110/110 MP: 20/32
 25631 | Lair:5   | Found a sparkling altar of Nemelex Xobeh.
 25843 | Lair:5   | Found a staircase to the Slime Pits.
 25881 | Lair:5   | Found a viscous altar of Jiyva.
 26642 | Lair:5   | Upgraded the game from 0.30-a0-394-g3e4acdb0ae to
                  | 0.30-a0-414-gcb316572d5
 26893 | D:13     | Found Saosimat's Distillery.
 27416 | D:13     | Found a gate to the Vaults.
 27851 | D:14     | Found a white marble altar of Elyvilon.
 29076 | D:15     | Entered Level 15 of the Dungeon
 29645 | D:15     | Reached skill level 10 in Shields
 29694 | D:15     | Found a staircase to the Depths.
 30307 | D:15     | Reached skill level 10 in Ice Magic
 30927 | Swamp:1  | Entered Level 1 of the Swamp
 31193 | Swamp:1  | Learned a level 7 spell: Ozocubu's Refrigeration
 31280 | Spider:1 | Entered Level 1 of the Spider Nest
 31331 | Spider:1 | Reached XP level 16. HP: 79/118 MP: 4/34
 31669 | Spider:1 | Slain by a radroach

Illustrated notes

Levels and vault maps discovered:
D:1:      dpeg_arrival_oval, layout_basic
D:2:      layout_loops_corners, basic_altar
D:3:      layout_basic, fedhas_altar_3, serial_shops, nicolae_shop_hallway_plus,
          chequers_ecumenical_altar_island, uniq_robin, uniq_jessica,
          uniq_terence
D:4:      layout_basic, minmay_temple_entry_statues, minmay_mini_jars,
          uniq_eustachio, uniq_blork_the_orc
D:5:      layout_rooms, lemuel_doored_altar, nrook_mini_vaults,
          kennysheep_generic_room_8
D:6:      layout_rooms, hangedman_glass_teeth
D:7:      layout_basic, slow_altar_2, mainiacjoe_overflow_alcove_2,
          water_boxes_lemuel
D:8:      layout_basic, led_sif_pool, fiery_altar_vehumet,
          mainiacjoe_overflow_tiny_flanked, makhleb_blood_cavern_becter,
          serial_aquarium, aquarium_bridge_long_separate
          [aquarium_subvault_bridge, aquarium_subvault_bridge,
          aquarium_subvault_wall, aquarium_subvault_bridge,
          aquarium_subvault_wall, aquarium_subvault_bridge],
          aquarium_window_corridor_3, aquarium_window_corner, aquarium_view_2c,
          aquarium_view_2a
D:9:      layout_long_grid, nicolae_gozag_zags_fifth_avenue
D:10:     layout_roguey, dpeg_oklobed_lair, nicolae_trove_entry_free_sample,
          serial_shops, shop, enter_bailey_3, mumra_transporter_accident
D:11:     layout_cross, serial_ice, serial_ice_m, serial_ice_b, serial_ice_c,
          serial_ice_j, serial_ice_f, serial_ice_h, portal_ice_cave_entry_imps
D:12:     layout_irregular_city, serial_shops, shop
D:13:     layout_roguey, david_vaults_4, serial_shops, nicolae_shop_statue_plus,
          uniq_frances
D:14:     layout_roguey, nicolae_elyvilon_peaceful_grove,
          chequers_serial_rivers_room_b
D:15:     gammafunk_depths_entry_grave, layout_long_grid,
          chequers_serial_rivers_large_b
Temple:   hellmonk_temple_forest_ring
Lair:1:   layout_roguey
Lair:2:   layout_cave_pods, ebering_ghost_reflecting_pool,
          nicolae_quartered_pool_super, kennysheep_abandoned_house,
          uniq_amaemon, uniq_urug
Lair:3:   layout_cave_pods, swamp_mist, hellmonk_spider_entry_not_the_bees,
          kennysheep_catoblepas_arena, serial_bayou_shore_b, uniq_gastronok
Lair:4:   layout_cave_pods, roderic_carrion_pond
Lair:5:   hangedman_lair_tendril_chambers, layout_layer_cave, slime_entry_1,
          basic_altar, uniq_snorg
Swamp:1:  layout_falls_marsh, nicolae_swamp_small_spring, uniq_jorgrun
Spider:1: layout_spider_delve, nicolae_spider_claw_tunnel
Orc:1:    layout_diamond_mine, uniq_erica, uniq_fannar
Orc:2:    st_orc_ogre_mass, layout_caves, uniq_rupert

Skill      XL: |  1  2  3  4  5  6  7  8  9 10 11 12 13 14 15 |
---------------+----------------------------------------------+-----
Translocations | 4 5 6 8 9 10 | 10.9
Long Blades    | 3 4 8 10 11 13 14 | 14.1
Armour         | 2 3 4 |  4.5
Dodging        | 3 4 5 6 7 9 |  9.6
Air Magic      | 1 3 4 6 8 9 10 | 10.7
Fighting       | 3 4 5 6 7 8 |  8.7
Spellcasting   | 3 4 5 7 8 9 10 11 12 13 14 | 14.5
Conjurations   | 1 2 3 4 5 6 |  6.0
Ice Magic      | 2 5 6 7 8 10 | 10.9
Summonings     | 1 2 3 |  3.5
Shields        | 2 7 9 10 | 10.6
Throwing       | |  1.0
Stealth        | |  0.1
Evocations     | |  0.4

Action                   |  1- 3 |  4- 6 |  7- 9 | 10-12 | 13-15 | 16-18 || total
-------------------------+-------+-------+-------+-------+-------+-------++-------
Melee: Falchion          |    99 |       |       |       |       |       ||    99
       Hand axe          |     6 |   131 |    87 |    71 |       |       ||   295
       Punch             |       |       |     4 |     7 |       |       ||    11
       Scimitar          |       |       |       |   488 |  1267 |    69 ||  1824
 Cast: Shock             |       |   103 |   196 |   135 |    23 |       ||   457
       Airstrike         |       |       |    18 |    32 |    42 |       ||    92
       Manifold Assault  |       |       |     1 |    70 |   216 |       ||   287
       Vhi's Electric Ch |       |       |     1 |       |     3 |       ||     4
       Ozocubu's Armour  |       |       |       |    41 |   119 |     3 ||   163
       Lesser Beckoning  |       |       |       |     1 |     4 |       ||     5
       Blink             |       |       |       |     2 |     5 |       ||     7
       Summon Lightning  |       |       |       |    12 |    82 |     8 ||   102
       Teleport Other    |       |       |       |       |     4 |       ||     4
 Abil: Hop               |       |     5 |     6 |    13 |    30 |     2 ||    56
Evoke: Wand              |       |       |     3 |    11 |     6 |       ||    20
  Use: Scroll            |     3 |       |     1 |    16 |    13 |     2 ||    35
       Potion            |       |       |       |       |     9 |     3 ||    12
 Stab: Sleeping          |     1 |     1 |       |       |       |       ||     2
       Distracted        |       |       |       |     1 |     8 |     1 ||    10
Armor: Leather armour    |    38 |    42 |    43 |    37 |       |       ||   160
       Troll leather arm |       |       |       |    55 |       |       ||    55
       Robe              |       |       |       |    90 |   231 |    22 ||   343
Dodge: Dodged            |    76 |    87 |    65 |   373 |   484 |    50 ||  1135
Block: Kite shield       |       |       |       |     4 |   569 |    62 ||   635

Table legend: (Time is in decaauts)
 A = Elapsed time spent in this place.
 B = Non-inter-level travel time spent in this place.
 C = Inter-level travel time spent in this place.
 D = Time resting spent in this place.
 E = Time spent auto-exploring this place.
 F = Levels seen in this place.
 G = Mean time per level.
                   A        B        C        D        E       F      G
               +--------+--------+--------+--------+--------+-----+--------+
         Total |  45870 |  41942 |   3928 |  11028 |  20566 |  27 | 1698.9 |
       Dungeon |  25314 |  22921 |   2393 |   6203 |  10723 |  15 | 1687.6 |
        Temple |    104 |    101 |      3 |      0 |     88 |   1 |  104.0 |
          Lair |  14392 |  13123 |   1269 |   2538 |   8597 |   5 | 2878.4 |
         Swamp |    172 |    172 |      0 |     73 |      0 |   1 |  172.0 |
   Spider Nest |    391 |    391 |      0 |    183 |      0 |   1 |  391.0 |
  Orcish Mines |   2152 |   1892 |    260 |    714 |    695 |   2 | 1076.0 |
        Bailey |    621 |    621 |      0 |    223 |     76 |   1 |  621.0 |
      Ice Cave |   2721 |   2721 |      0 |   1092 |    384 |   1 | 2721.0 |
               +--------+--------+--------+--------+--------+-----+--------+

Top non-repeatable levels by time:
  Lair:5: 3499 daAuts
  Lair:3: 3184 daAuts
  Lair:2: 2841 daAuts
   IceCv: 2721 daAuts
  Lair:4: 2564 daAuts
    D:15: 2414 daAuts
    D:13: 2338 daAuts
  Lair:1: 2302 daAuts
    D:14: 2164 daAuts
    D:12: 2144 daAuts
    D:10: 2043 daAuts
    D:11: 1959 daAuts
     D:8: 1824 daAuts
     D:7: 1803 daAuts
   Orc:1: 1676 daAuts
